AoeStats
← Taisst

Arabia

509366071Analyzed
3v3 RM · 7d ago on Sep 26, 2026· 36m 28s· 6 players
Game mode
Random Map
Map size
Normal (6 player)
Population
200
Speed
Normal
Resources
Standard
Victory
Conquest
Starting age
Dark Age
Ending age
Imperial Age
RankedLock teamsTeams togetherTeam positionsShared explorationLock speedFull tech treeHidden civsTurbo modeCheats
Victory
Defeat
🇻🇳 Koreans · Vietnam
1561
+11
🇲🇦 Armenians · Morocco
1525
+13
🇲🇴 Tatars · Macao SAR China
1494
+14
🇫🇷 Huns · France
1528
-16
🇫🇷 Teutons · France
1434
-12
🇧🇪 Malians · Belgium
1395
-10
屁屁人
5:52 Loom
10:30 Feudal Age
12:56 Double-Bit Axe
16:09 Fletching
18:05 Padded Archer Armor
21:41 Horse Collar
27:03 Castle Age
28:09 Bodkin Arrow
27:35 Crossbowman
28:59 Bow Saw
28:29 Crossbowman
31:19 Leather Archer Armor
34:40 Ballistics
Samara
6:36 Loom
9:42 Feudal Age
9:46 Man-at-Arms
11:11 Arson
14:22 Long Swordsman
16:51 Double-Bit Axe
18:45 Fletching
19:20 Gold Mining
19:12 Horse Collar
19:34 Scale Mail Armor
21:15 Padded Archer Armor
21:29 Forging
27:43 Castle Age
28:18 Padded Archer Armor
28:22 Bodkin Arrow
27:50 Elite Skirmisher
32:46 Imperial Age
31:02 Leather Archer Armor
33:34 Bracer
34:43 Chemistry
35:39 Ring Archer Armor
35:49 Ballistics
35:01 Crossbowman
36:24 Arbalester
Viet Nam Strategy
8:41 Loom
11:50 Feudal Age
14:17 Fletching
22:59 Castle Age
21:59 Gold Mining
21:54 Double-Bit Axe
21:50 Horse Collar
23:25 Wheelbarrow
23:00 Crossbowman
23:59 Bodkin Arrow
24:49 Bow Saw
26:00 Ballistics
28:00 Gold Shaft Mining
37:28 Imperial Age
36:15 Husbandry
37:01 Hand Cart
Don JaMaL
6:06 Loom
8:56 Feudal Age
17:51 Padded Archer Armor
17:48 Fletching
20:25 Wheelbarrow
20:02 Double-Bit Axe
25:44 Castle Age
25:45 Elite Skirmisher
26:42 Leather Archer Armor
36:42 Bow Saw
Taisst
7:09 Loom
9:13 Feudal Age
9:54 Double-Bit Axe
9:49 Horse Collar
13:59 Forging
20:13 Scale Barding Armor
26:29 Fletching
31:16 Castle Age
33:06 Bodkin Arrow
35:23 Crossbowman
Mujahidin
5:07 Loom
11:21 Feudal Age
12:01 Double-Bit Axe
15:01 Horse Collar
17:24 Fletching
22:45 Castle Age
20:49 Padded Archer Armor
22:27 Wheelbarrow
21:48 Gold Mining
22:31 Arson
22:47 Crossbowman
23:51 Bodkin Arrow
28:54 Ballistics
29:43 Thumb Ring
30:35 Leather Archer Armor
Connection lost

Rejoining the realm…

Still unreachable

The connection could not be restored.

Session expired

The server has moved on; the page needs a fresh start.